cohdb
Replays
Latest Replays
All Replays
Popular Replays
Top Player Replays
Match Explorer
How It Works
Community
CoH3 Stats
Reddit
Sign in to upload your games and track your stats! →
Sign in with Steam
Match 42175534
Unlisted
Match 42175534
Overview
Messages
Build Orders
End
Selects Armored Battlegroup
Selects Veteran Crews
Engineer Squad
Construct Barracks
1⁄4-ton 4x4 Truck
Riflemen Squad
Riflemen Squad
Construct Weapon Support Center
Grenade Package
M1919 Machine Gun Team
Bazooka Squad
Infantry Support Center
AustrianBastard
WadoVice
0
0
Comments
sign in to comment!
No comments posted yet!